 Dungeon Crawl Stone Soup version 0.25-a0-566-g062765be81 (webtiles) character file.

Game seed: 10996128800724986353, levelgen mode: deterministic

11396 Flugslaktarn the Cleaver (level 11, -3/100 HPs)
             Began as a Deep Dwarf Fighter on Feb 27, 2020.
             Was a High Priest of Makhleb.
             Slain by a sun demon (8 damage)
             ... summoned by a kobold demonologist
             ... on level 11 of the Dungeon.
             The game lasted 00:06:01 (7279 turns).

Flugslaktarn the Cleaver (Deep Dwarf Fighter)       Turns: 7279, Time: 00:06:02

Health: -3/100     AC:  9    Str: 25      XL:     11   Next: 48%
Magic:  10/10      EV:  8    Int: 13      God:    Makhleb [*****.]
Gold:   568        SH: 18    Dex: 10 (12) Spells: 10/10 levels left

rFire    . . .     SeeInvis .   z - +3 hand axe (freeze)
rCold    x . .     Gourm    .   c - +0 kite shield
rNeg     . . .     Faith    .   y - +1 scale mail of Fun and Games {rC- MR+ Int+4}
rPois    .         Spirit   .   (no helmet)
rElec    .         Reflect  +   k - +2 cloak
rCorr    .         Harm     .   (no gloves)
MR       ++...                  (no boots)
Stlth    ..........             C - +6 amulet of reflection
HPRegen  0.00/turn              p - +1 ring of protection
MPRegen  0.12/turn              v - +2 ring of strength

@: lethally poisoned (-3 -> -39), weakened, corroded, very slightly
contaminated, non-regenerating
A: damage resistance, heal wounds, sense surroundings 2, no regeneration
a: Heal Wounds, Minor Destruction, Lesser Servant of Makhleb, Major Destruction,
Greater Servant of Makhleb, Renounce Religion


You were on level 11 of the Dungeon.
You worshipped Makhleb.
Makhleb was extremely pleased with you.
You were very hungry.

You visited 2 branches of the dungeon, and saw 12 of its levels.
You also visited: Ossuary.

You collected 568 gold pieces.

Inventory:

Hand Weapons
 a - a +0 war axe
 i - a +4 scimitar of flaming
   (You took it off Erica on level 9 of the Dungeon)
 z - a +3 hand axe of freezing (weapon)
   (You took it off an orc on level 6 of the Dungeon)
Armour
 c - a +0 kite shield (worn)
 k - a +2 cloak (worn)
   (You found it on level 4 of the Dungeon)
 y - the +1 scale mail of Fun and Games (worn) {rC- MR+ Int+4}
   (You found it on level 4 of the Dungeon)

   It affects your intelligence (+4).
   It makes you vulnerable to cold.
   It affects your resistance to hostile enchantments.
   If you remove this armour, your AC will decrease by 9 (9 -> 0).
Jewellery
 p - a +1 ring of protection (left hand)
   (You found it on level 8 of the Dungeon)
 v - a +2 ring of strength (right hand)
   (You found it on level 4 of the Dungeon)
 C - a +6 amulet of reflection (around neck)
   (You found it on level 7 of the Dungeon)
Wands
 s - a wand of acid (21)
   (You took it off an orc on level 6 of the Dungeon)
 x - a wand of iceblast (6)
   (You found it on level 7 of the Dungeon)
 B - a wand of paralysis (8)
   (You found it on level 7 of the Dungeon)
Scrolls
 b - 2 scrolls of immolation {unknown}
 f - 8 scrolls of magic mapping
 g - 2 scrolls of enchant weapon
 r - 2 scrolls of identify
 t - 3 scrolls of teleportation
 w - 3 scrolls of remove curse
 F - a scroll of random uselessness {unknown}
Potions
 d - 2 potions of invisibility
 h - a potion of haste
 l - a potion of magic
 n - a potion of resistance
 q - 2 potions of curing
 u - a potion of flight {unknown}
 D - a potion of heal wounds {unknown}
 E - a potion of mutation {unknown}
Comestibles
 e - 18 rations


   Skills:
 + Level 7.5 Fighting
 * Level 11.8 Axes
 + Level 8.8 Armour
 + Level 9.1 Shields
 + Level 9.1 Invocations


You had 10 spell levels left.
You didn't know any spells.
Your spell library was empty.

Dungeon Overview and Level Annotations

Branches:
Dungeon (11/15)            Temple (1/1) D:4            Lair (0/6) D:9
Ossuary (visited)
    Orc: D:9-12

Altars:
Cheibriados
Dithmenos
Elyvilon
Fedhas
Gozag
Hepliaklqana
Kikubaaqudgha
Makhleb
Nemelex Xobeh
Okawaru
Qazlal
Ru
Sif Muna
Trog
Uskayaw
Vehumet
Wu Jian
Xom
Yredelemnul
Zin
The Shining One
Jiyva

Shops:
D:10 =

Annotations:
D:6 Prince Ribbit


Innate Abilities, Weirdness & Mutations

You are resistant to damage.
You can heal yourself by infusing magical energy.
You passively map the area around you.
You do not regenerate.


Message History

* * * LOW HITPOINT WARNING * * *
You are lethally poisoned!
The green ugly thing poisons you!
The kobold demonologist hits you but does no damage.
You are too injured to fight recklessly!
You are too injured to fight recklessly!
You feel much better.
You feel very sick. You block the sun demon's attack.
You block the phantom's attack.
The orange demon stings you but does no damage.
The orange demon barely misses you. The manticore bites you!!
* * * LOW HITPOINT WARNING * * *
You block the manticore's attack. The manticore claws you.
* * * LOW HITPOINT WARNING * * *
The green ugly thing basks in your mutagenic energy and changes!
The kobold demonologist casts a spell.
The sun demon hits you!
* * * LOW HITPOINT WARNING * * *
You are engulfed in flames!
You die...

..... #........≈ ,
,,.....###.......≈# ..
≈ ,,
,..............;..#;(
* ,
.............≈#...#≈
*≈ ,,
..............≈#...# ,
, ..........###..≈#...
, , * .......4..#
...≈# *≈* , , *
,.....5.4uW###..≈#.#≈
≈ ..###.yH@.....≈#...#
, ,, .
#..K3....).≈#... , ,
###.5....(....≈#,, * ,
,,, ,
......5........≈#,*≈*,
, ........<.....###≈#
≈* , , .......<.<....#
≈ ≈ , ,
..............# , , ,
,................ ,,,
###............. , ,


You could see a brown ugly thing, a sun demon, an orange demon, a manticore, a
kobold demonologist, a phantom, a chaos spawn, a killer bee, an iron imp, a
crimson imp and an ufetubus.

Vanquished Creatures
  Erica (D:9)
  5 death yaks
  An unseen horror (D:10)
  An ugly thing (D:10)
  A gargoyle (D:10)
  A troll (D:10)
  2 hippogriffs
  2 wyverns
  Sigmund (D:4)
  Menkaure (D:6)
  2 water moccasins
  3 sky beasts
  4 ice beasts
  3 black bears
  5 phantoms
  An orc warrior (D:7)
  4 ogres
  4 centaurs
  Blork the orc (D:4)
  A bullfrog (D:7)
  A hornet simulacrum (D:10)
  4 scorpions
  7 killer bees
  3 wights (D:6)
  2 howler monkeys (D:6)
  An electric eel (D:10)
  5 crimson imps
  2 quasits
  A centaur zombie (D:9)
  5 hounds
  A bullfrog skeleton (D:10)
  6 orc priests
  3 jellies (D:9)
  10 orc wizards
  Crazy Yiuf (D:6)
  2 iguanas (D:9)
  11 worker ants
  A killer bee zombie (D:7)
  2 hound skeletons (D:7)
  4 mummies (Ossuary)
  A worker ant zombie (D:6)
  6 gnolls
  9 adders
  2 white imps (D:10)
  A worker ant simulacrum (D:10)
  2 ufetubi (D:10)
  7 oozes
  2 adder skeletons
  An adder zombie (D:8)
  3 worms (D:2)
  3 dart slugs
  An adder simulacrum (D:10)
  4 leopard geckos
  29 orcs
  A bat (D:2)
  3 giant cockroaches
  5 gnoll zombies (Ossuary)
  4 goblins
  7 hobgoblins
  11 jackals
  3 quokkas
  A ball python (D:6)
  4 frilled lizards
  6 gnoll skeletons (Ossuary)
  5 goblin skeletons (Ossuary)
  5 goblin zombies (Ossuary)
  3 hobgoblin skeletons (Ossuary)
  3 hobgoblin zombies (Ossuary)
  A jackal zombie (D:5)
  4 kobolds
  5 kobold skeletons (Ossuary)
  3 kobold zombies (Ossuary)
  2 orc skeletons (Ossuary)
  2 orc zombies (Ossuary)
  A quokka zombie (D:5)
  3 rats (D:2)
  4 rat skeletons (Ossuary)
  7 rat zombies (Ossuary)
280 creatures vanquished.

Vanquished Creatures (collateral kills)
  A death yak (D:9)
  An orc priest (D:9)
  An orc (D:9)
3 creatures vanquished.

Grand Total: 283 creatures vanquished

Notes
Turn   | Place    | Note
-------+----------+-------------------------------------------
     0 | D:1      | Flugslaktarn the Deep Dwarf Fighter began the quest for the
                  | Orb.
     0 | D:1      | Reached XP level 1. HP: 20/20 MP: 1/1
   127 | D:2      | Reached XP level 2. HP: 25/27 MP: 2/2
   290 | D:2      | Reached skill level 3 in Axes
   326 | D:2      | Reached XP level 3. HP: 25/33 MP: 3/3
   521 | D:3      | Reached XP level 4. HP: 28/42 MP: 3/3
   670 | D:4      | Noticed a phantom
   693 | D:4      | Killed a phantom
   693 | D:4      | Reached skill level 4 in Axes
   693 | D:4      | Reached XP level 5. HP: 40/49 MP: 4/4
   732 | D:4      | Got a steaming scale mail
   743 | D:4      | Identified the cursed +1 scale mail of Fun and Games {rC-
                  | MR+ Int+4} (You found it on level 4 of the Dungeon)
   847 | D:4      | Noticed Blork the orc
   868 | D:4      | Killed Blork the orc
   932 | D:4      | Noticed Sigmund
   970 | D:4      | Killed Sigmund
   970 | D:4      | Reached skill level 5 in Axes
   970 | D:4      | Reached XP level 6. HP: 44/57 MP: 5/5
  1017 | D:4      | Found a staircase to the Ecumenical Temple.
  1024 | Temple   | Entered the Ecumenical Temple
  1129 | Temple   | Became a worshipper of Makhleb the Destroyer
  1905 | D:5      | Entered Level 5 of the Dungeon
  1948 | D:5      | Found an ornate altar of the Wu Jian Council.
  2040 | D:5      | Reached skill level 1 in Invocations
  2084 | D:5      | Reached XP level 7. HP: 54/64 MP: 5/7
  2244 | D:5      | Reached skill level 5 in Shields
  2289 | D:5      | Reached skill level 5 in Armour
  2340 | D:5      | Found a hazy altar of Hepliaklqana.
  2592 | D:6      | Noticed Menkaure
  2595 | D:6      | Killed Menkaure
  2595 | D:6      | Reached skill level 6 in Axes
  2686 | D:6      | Found an iron altar of Okawaru.
  2707 | D:6      | Reached XP level 8. HP: 31/73 MP: 8/8
  2713 | D:6      | Reached * piety under Makhleb
  2822 | D:6      | Found a sacrificial altar of Ru.
  2960 | D:6      | Found a radiant altar of Vehumet.
  2981 | D:6      | Reached skill level 7 in Axes
  3056 | D:6      | Reached skill level 5 in Fighting
  3123 | D:6      | Noticed Prince Ribbit
  3145 | D:6      | Reached ** piety under Makhleb
  3158 | D:6      | Found a sacrificial altar of Ru.
  3236 | D:6      | Found a shimmering blue altar of Sif Muna.
  3466 | D:6      | Found a runed translucent door.
  3467 | D:6      | Noticed Crazy Yiuf
  3473 | D:6      | Killed Crazy Yiuf
  3569 | D:7      | Reached skill level 8 in Axes
  3569 | D:7      | Gained mutation: You passively map the area around you.
                  | [Deep Dwarf growth]
  3569 | D:7      | Reached XP level 9. HP: 81/81 MP: 10/10
  3636 | D:7      | Found a white marble altar of Elyvilon.
  3697 | D:7      | Reached skill level 5 in Invocations
  3977 | D:7      | Found a sand-covered staircase.
  3982 | Ossuary  | Entered an ossuary
  4018 | Ossuary  | Reached *** piety under Makhleb
  4258 | Ossuary  | Reached **** piety under Makhleb
  4544 | D:7      | Found a blossoming altar of Fedhas.
  4843 | D:8      | Found a glowing silver altar of Zin.
  4879 | D:8      | Reached skill level 9 in Axes
  5002 | D:8      | Found a glowing golden altar of the Shining One.
  5096 | D:8      | Found a shimmering blue altar of Sif Muna.
  5293 | D:9      | Noticed a death yak
  5293 | D:9      | Noticed a death yak
  5297 | D:9      | Noticed a death yak
  5301 | D:9      | Noticed a death yak
  5302 | D:9      | Noticed a death yak
  5336 | D:8      | HP: 4/82 [death yak (14)]
  5343 | D:8      | HP: 3/82 [death yak (5)]
  5356 | D:8      | Killed a death yak
  5356 | D:8      | Reached XP level 10. HP: 58/91 MP: 9/9
  5375 | D:8      | Killed a death yak
  5375 | D:8      | Reached skill level 10 in Axes
  5386 | D:9      | Noticed a death yak
  5406 | D:9      | Killed a death yak
  5416 | D:9      | Killed a death yak
  5468 | D:9      | Killed a death yak
  5470 | D:9      | Killed a death yak
  5527 | D:9      | Found a staircase to the Lair.
  5680 | D:9      | Reached skill level 11 in Axes
  5728 | D:9      | Noticed Erica
  5742 | D:9      | Killed Erica
  5742 | D:9      | Reached XP level 11. HP: 70/100 MP: 11/11
  6408 | D:10     | Entered Level 10 of the Dungeon
  6647 | D:10     | Killed an unseen horror
  6811 | D:10     | Found Caahauv's Jewellery Shoppe.
  6891 | D:10     | Reached ***** piety under Makhleb
  6960 | D:10     | Noticed a purple ugly thing
  6983 | D:10     | Killed a purple ugly thing
  7231 | D:11     | Noticed a green ugly thing
  7259 | D:11     | Noticed a sun demon
  7279 | D:11     | HP: 5/100 [sun demon[a kobold demonologist] (10)]
  7279 | D:11     | Slain by a sun demon

Levels and vault maps discovered:
D:1:      scummos_arrival_forest, layout_loops_ring
D:2:      layout_basic, minmay_tromino_v4_a
D:3:      layout_basic, nicolae_overflow_crystal_walls
D:4:      layout_layer_cave, temple_green, first_ration, uniq_blork_the_orc,
          uniq_sigmund
D:5:      layout_loops_ring, kennysheep_mini, nicolae_overflow_hidden_temple
D:6:      minmay_general_purpose_star, layout_loops_cross, old_standard_altar,
          lemuel_round_altar, lemuel_round_altar, tgw_sif,
          nicolae_ru_great_annihilating_truth, uniq_prince_ribbit1,
          uniq_menkaure, uniq_crazy_yiuf_cottage
D:7:      layout_loops_ring, marbit_many_paths, elyvilon_altar_1,
          enter_ossuary_5, kennysheep_pointless_box
D:8:      layout_basic, old_standard_altar, old_standard_altar, basic_altar
D:9:      layout_stronghold, dpeg_lair_monsters, hangedman_little_slice_of_home,
          uniq_erica
D:10:     layout_loops_cross, serial_ice, serial_ice_n, serial_ice_k,
          serial_ice_m, serial_ice_c, serial_ice_f, serial_ice_e, serial_shops,
          shop_coins
D:11:     layout_big_octagon, nicolae_water_bricks, nicolae_benzene_ring,
          fountainhead
Temple:   pf_slimified_temple

Skill      XL: |  1  2  3  4  5  6  7  8  9 10 11 |
---------------+----------------------------------+-----
Axes           | 3 4 5 6 8 9 11 | 11.8
Fighting       | 3 4 5 6 7 |  7.5
Armour         | 4 5 6 7 8 |  8.8
Shields        | 4 5 6 7 8 9 |  9.1
Invocations    | 1 3 4 6 8 9 |  9.1

Action                   |  1- 3 |  4- 6 |  7- 9 | 10-12 || total
-------------------------+-------+-------+-------+-------++-------
Melee: War axe           |    95 |   147 |   141 |       ||   383
       Hand axe          |       |       |   511 |   345 ||   856
Invok: Lesser Servant of |       |       |       |     2 ||     2
 Abil: Heal Wounds       |     4 |     4 |    17 |    13 ||    38
  Use: Scroll            |       |       |    11 |     1 ||    12
       Potion            |       |       |     3 |     7 ||    10
 Stab: Paralysed         |       |       |     2 |       ||     2
       Invisible         |       |       |     3 |    18 ||    21
       Distracted        |       |       |       |     1 ||     1
  Eat: Chunk             |       |     4 |     8 |     6 ||    18
       Ration            |       |       |     1 |       ||     1
Armor: Scale mail        |    43 |    67 |   178 |   132 ||   420
Dodge: Dodged            |    32 |    37 |   148 |   122 ||   339
Block: Kite shield       |    43 |    69 |   361 |   301 ||   774
       Reflection        |       |       |     3 |     5 ||     8

Table legend:
 A = Non-vault XP
 B = Vault XP
 C = Vault XP percentage of total XP
 D = Non-vault monster count
 E = Vault monster count
 F = Vault count percentage of total count
                 A         B        C        D         E       F
            +---------+---------+-------+---------+---------+-------
      Total |    9237 |    7043 |  43.3 |     193 |      86 |  30.8
            +---------+---------+-------+---------+---------+-------
        D:1 |       1 |       0 |   0.0 |       1 |       0 |   0.0
        D:2 |      88 |       5 |   5.4 |      23 |       3 |  11.5
        D:3 |      10 |       0 |   0.0 |       5 |       0 |   0.0
        D:4 |     215 |     305 |  58.7 |      11 |       2 |  15.4
        D:5 |     402 |       0 |   0.0 |      15 |       0 |   0.0
        D:6 |    1147 |     344 |  23.1 |      34 |       7 |  17.1
        D:7 |    1233 |       0 |   0.0 |      34 |       0 |   0.0
        D:8 |     990 |    1737 |  63.7 |      24 |       2 |   7.7
        D:9 |    1329 |    4169 |  75.8 |      19 |      13 |  40.6
       D:10 |    2948 |     381 |  11.4 |      18 |       9 |  33.3
       D:11 |     874 |       0 |   0.0 |       9 |       0 |   0.0
    Ossuary |       0 |     102 | 100.0 |       0 |      50 | 100.0
            +---------+---------+-------+---------+---------+-------
